 Dungeon Crawl Stone Soup version 0.30-a0-341-g682706514a (webtiles) character file.

Game seed: 15903738933433254002

161 Hubris850 the Insei (level 5, -4/39 HPs)
             Began as a Merfolk Transmuter on Nov 3, 2022.
             Was an Initiate of Nemelex Xobeh.
             Slain by a scorpion (6 damage)
             ... on level 4 of the Dungeon.
             The game lasted 00:08:05 (2584 turns).

Hubris850 the Insei (Merfolk Transmuter)            Turns: 2584, Time: 00:08:06

Health: -4/39      AC:  3    Str: 12    XL:     5   Next: 42%
Magic:  6/8        EV: 13    Int: 12    God:    Nemelex Xobeh [......]
Gold:   154        SH:  0    Dex: 15    Spells: 1/8 levels left

rFire   . . .      SeeInvis .      - Unarmed
rCold   . . .      Faith    .    (no shield)
rNeg    . . .      Spirit   .    a - +0 robe
rPois   .          Reflect  .    (helmet currently unavailable)
rElec   .          Harm     .    (no cloak)
rCorr   .          Rampage  .    i - +0 pair of gloves
Will    .....                    (boots currently unavailable)
Stlth   +.........               (no amulet)
HPRegen 0.26/turn                (no ring)
MPRegen 0.11/turn                (no ring)

@: lethally poisoned (-4 -> -5), appendages, wereblooded
A: horns 2, (nimble swimmer 2), mertail
a: End Transformation, Renounce Religion, Draw Escape, Draw Destruction, Draw
Summoning


You were on level 4 of the Dungeon.
You worshipped Nemelex Xobeh.
Nemelex Xobeh was noncommittal.
You had temporarily grown beastly horns.
You visited 1 branch of the dungeon, and saw 4 of its levels.

You collected 154 gold pieces.

Inventory:

Armour
 a - a +0 robe (worn)
 c - a +0 helmet (melded)
 i - a +0 pair of gloves (worn)
Wands
 g - a wand of digging (8)
 j - a wand of charming (4)
Scrolls
 e - 3 scrolls of vulnerability {unknown}
 k - 2 scrolls of teleportation {unknown}
 l - a scroll of poison {unknown}
 m - a scroll of brand weapon {unknown}
 n - a scroll of acquirement {unknown}
Potions
 b - a potion of lignification
 d - 2 potions of attraction
 f - a potion of brilliance
 h - a potion of mutation {unknown}


   Skills:
 - Level 2.6 Fighting
 - Level 3.0 Dodging
 - Level 5.0 Unarmed Combat
 + Level 2.3 Spellcasting
 + Level 3.2 Transmutations
 * Level 1.8 Ice Magic


You had one spell level left.
You knew the following spells:

 Your Spells              Type           Power      Damage    Failure   Level
a - Beastly Appendage     Tmut           18%        N/A       7%          1
b - Ice Form              Ice/Tmut       7%         N/A       67%         4
c - Wereblood             Tmut           9%         N/A       11%         2

Your spell library contained the following spells:

 Spells                   Type           Power      Damage    Failure   Level
 Spider Form              Tmut/Pois      5%         N/A       38%         3
 Dazzling Flash           Conj/Hex       2%         N/A       61%         3
 Iskenderun's Mystic Bla  Conj/Tloc      1%         2d3       95%         4
 Starburst                Conj/Fire      0%         6d3       100%        6


Dungeon Overview and Level Annotations

Branches:
Dungeon (4/15)
 Temple: D:4-7

Altars:
Nemelex Xobeh
Zin


Innate Abilities, Weirdness & Mutations

You have temporarily grown beastly horns.
((You are very nimble when in or above water. (Stealth+, EV+, Speed+++)))
Your lower body shifts to a powerful aquatic tail in water.


Message History

The scorpion barely misses you.
You hit the scorpion.
The scorpion is lightly wounded.
The scorpion closely misses you.
You hit the scorpion.
The scorpion is moderately wounded.
The scorpion stings you. x2
You hit the scorpion but do no damage.
The scorpion is moderately wounded.
The scorpion stings you.
You hit the scorpion.
The scorpion is severely wounded.
The scorpion stings you.
You hit the scorpion but do no damage.
The scorpion is severely wounded.
The scorpion stings you.
You are poisoned.
The scorpion poisons you!
You hit the scorpion. Your headbutt misses the scorpion.
The scorpion is almost dead.
You feel sick. The scorpion stings you.
* * * LOW HITPOINT WARNING * * *
You barely miss the scorpion.
The scorpion is almost dead.
You feel sick. The scorpion closely misses you.
You barely miss the scorpion.
The scorpion is almost dead.
You feel sick. The scorpion misses you.
You closely miss the scorpion. Your headbutt misses the scorpion.
The scorpion is almost dead.
You feel sick. The scorpion stings you.
* * * LOW HITPOINT WARNING * * *
You hit the scorpion but do no damage. You headbutt the scorpion.
The scorpion is almost dead.
You feel sick. The scorpion completely misses you.
You hit the scorpion.
The scorpion is almost dead.
You feel sick. The scorpion stings you.
You die...
Your body disappears without a glow.

##. .#
##.##.###
........#
#.......##
#........#
#......[.#
#<.......#
#.......#
#.@.....#
##s..####
.......
##....<...
##..####.
..# ...
.##.


You could see a scorpion.

Vanquished Creatures
  Ijyb (D:3)
  An orc wizard (D:3)
  2 adders (D:2)
  A worm (D:2)
  2 dart slugs
  7 orcs
  5 endoplasms
  3 giant cockroaches (D:1)
  11 hobgoblins
  3 jackals (D:1)
  3 kobolds
  6 quokkas
  6 ball pythons
  5 bats
  6 frilled lizards
  4 goblins
  7 rats
73 creatures vanquished.

Vanquished Creatures (collateral kills)
  A bat (D:3)
1 creature vanquished.

Vanquished Creatures (others)
  An endoplasm (D:3)
  A giant cockroach (D:3)
2 creatures vanquished.

Grand Total: 76 creatures vanquished

Notes
Turn   | Place    | Note
-------+----------+-------------------------------------------
     0 | D:1      | Hubris850 the Merfolk Transmuter began the quest for the
                  | Orb.
     0 | D:1      | Reached XP level 1. HP: 15/15 MP: 3/3
   213 | D:1      | Reached XP level 2. HP: 14/21 MP: 3/5
   398 | D:1      | Reached skill level 4 in Unarmed Combat
   404 | D:1      | Reached XP level 3. HP: 10/27 MP: 6/6
  1060 | D:2      | Reached XP level 4. HP: 34/34 MP: 5/7
  1138 | D:2      | Found a faded altar of an unknown god.
  1485 | D:3      | Found a sparkling altar of Nemelex Xobeh.
  1505 | D:3      | Became a worshipper of Nemelex Xobeh the Trickster
  1803 | D:3      | Found a glowing silver altar of Zin.
  1911 | D:3      | Reached skill level 5 in Unarmed Combat
  1916 | D:3      | Learned a level 4 spell: Ice Form
  1919 | D:3      | Learned a level 2 spell: Wereblood
  1979 | D:3      | Noticed Ijyb
  2010 | D:3      | Killed Ijyb
  2011 | D:3      | Reached skill level 1 in Ice Magic
  2011 | D:3      | Reached XP level 5. HP: 7/39 MP: 8/8
  2584 | D:4      | Slain by a scorpion

Illustrated notes

Levels and vault maps discovered:
D:1:      lemuel_arrival_river_ford, layout_basic, kennysheep_crisscross
D:2:      layout_rooms, ebering_ecumenical_altar_hall, minivault_5
D:3:      layout_basic, marbit_many_paths, nemelex_xobeh_ov_fountains_minmay,
          minmay_bisected, uniq_ijyb
D:4:      layout_loops_corners, uniq_grinder

Skill      XL: |  1  2  3  4 |
---------------+-------------+-----
Dodging        | 3 |  3.0
Unarmed Combat | 4 5 |  5.0
Fighting       | 2 |  2.6
Transmutations | 3 |  3.2
Ice Magic      | 1 |  1.8
Spellcasting   | |  2.3

Action                   |  1- 3 |  4- 6 || total
-------------------------+-------+-------++-------
Melee: Unarmed           |   146 |   125 ||   271
       Headbutt          |     8 |    13 ||    21
       Punch             |     2 |     6 ||     8
 Cast: Beastly Appendage |     7 |     9 ||    16
       Wereblood         |       |     3 ||     3
Evoke: Wand              |       |     3 ||     3
  Use: Potion            |       |     3 ||     3
 Stab: Sleeping          |       |     1 ||     1
Armor: Robe              |    21 |    32 ||    53
Dodge: Dodged            |   102 |    78 ||   180

Table legend: (Time is in decaauts)
 A = Elapsed time spent in this place.
 B = Non-inter-level travel time spent in this place.
 C = Inter-level travel time spent in this place.
 D = Time resting spent in this place.
 E = Time spent auto-exploring this place.
 F = Levels seen in this place.
 G = Mean time per level.
                   A        B        C        D        E       F      G
               +--------+--------+--------+--------+--------+-----+--------+
         Total |   2565 |   2491 |     74 |    313 |   1536 |   4 |  641.2 |
       Dungeon |   2565 |   2491 |     74 |    313 |   1536 |   4 |  641.2 |
               +--------+--------+--------+--------+--------+-----+--------+

Top non-repeatable levels by time:
     D:3: 1013 daAuts
     D:1: 814 daAuts
     D:2: 712 daAuts
     D:4: 24 daAuts
